 Dungeon Crawl Stone Soup version 0.28.0-45-g0d030f2227 (webtiles) character file.

Game seed: 15877608730857369093

3869 101zpm the Thaumaturge (level 10, -13/64 HPs)
             Began as a Djinni Ice Elementalist on Apr 14, 2022.
             Was a Follower of Elyvilon.
             Shot with an arrow by a centaur warrior (22 damage)
             ... on level 8 of the Dungeon.
             The game lasted 00:44:35 (12109 turns).

101zpm the Thaumaturge (Djinni Ice Elementalist)   Turns: 12109, Time: 00:44:35

Health: -13/64     AC:  7    Str:  7    XL:     10   Next: 42%
Gold:   467        EV: 13    Int: 22    God:    Elyvilon [*.....] SH:  0 Dex: 13

rFire   + + .      SeeInvis .   p - +2 whip (freeze)
rCold   x . .      Faith    .   (no shield)
rNeg    . . .      Spirit   .   w - +1 robe
rPois   ∞          Reflect  .   f - +0 helmet
rElec   .          Harm     .   n - +2 cloak
rCorr   .          Rampage  .   (no gloves)
Will    +....                   (boots unavailable)
Stlth   ++........              (no amulet)
HPRegen 0.20/turn               (no ring)
MPRegen 0.00/turn               (no ring)

@: flying
A: sickness immunity, fire resistance 2, cold vulnerability 1, float, innate
caster, HP casting, extra vitality 1
a: Renounce Religion, Purification


You were on level 8 of the Dungeon.
You worshipped Elyvilon.
Elyvilon was aware of your devotion.
You visited 2 branches of the dungeon, and saw 9 of its levels.

You collected 467 gold pieces.

Inventory:

Hand Weapons
 e - a +2 short sword of distortion
 p - a +2 whip of freezing (weapon)
 v - a +2 vampiric falchion
 x - a +3 war axe
Missiles
 k - 134 stones
 l - 3 atropa-tipped darts
 m - 61 sling bullets
 y - 49 bolts
 z - 6 javelins
Armour
 a - a +0 robe
 f - a +0 helmet (worn)
 n - a +2 cloak (worn)
 w - a +1 robe (worn)
Jewellery
 r - a ring of fire
 G - an amulet of regeneration
Wands
 q - a wand of paralysis (16)
 t - a wand of flame (8)
 E - a wand of acid (3)
Scrolls
 b - 3 scrolls of enchant weapon
 d - 11 scrolls of identify
 j - 2 scrolls of enchant armour {unknown}
 o - a scroll of summoning
 s - 6 scrolls of teleportation {unknown}
 u - a scroll of noise {unknown}
 B - a scroll of vulnerability {unknown}
 I - a scroll of fog {unknown}
Potions
 g - a potion of might {unknown}
 h - a potion of berserk rage {unknown}
 i - 2 potions of haste {unknown}
 A - a potion of heal wounds {unknown}
 C - 2 potions of mutation {unknown}
 D - a potion of invisibility {unknown}
 F - a potion of attraction {unknown}
 H - a potion of flight {unknown}


   Skills:
 + Level 1.8 Fighting
 + Level 2.0 Short Blades
 + Level 4.0 Dodging
 + Level 3.0 Stealth
 + Level 10.8 Spellcasting


You had 10 spell levels left.
You knew the following spells:

 Your Spells              Type           Power      Damage    Failure   Level
a - Freeze                Ice            100%       1d11      1%          1
b - Frozen Ramparts       Ice            100%       1d12      1%          3
c - Ozocubu's Armour      Ice            56%        N/A       1%          3
d - Hailstorm             Conj/Ice       56%        3d12      1%          4
e - Apportation           Tloc           100%       N/A       1%          1
f - Scorch                Fire           100%       2d10      1%          2
g - Blink                 Tloc           100%       N/A       1%          2
h - Fulminant Prism       Conj/Hex       28%        3d14      1%          4
Your spell library was empty.

Dungeon Overview and Level Annotations

Branches:
Dungeon (8/15)             Temple (1/1) D:6
   Lair: D:8-11

Altars:
Ashenzari
Cheibriados
Dithmenos
Elyvilon
Fedhas
Gozag
Hepliaklqana
Kikubaaqudgha
Makhleb
Nemelex Xobeh
Okawaru
Qazlal
Ru
Sif Muna
Trog
Uskayaw
Vehumet
Wu Jian
Xom
Yredelemnul
Zin
The Shining One

Shops:
D:6 **(!

Annotations:
D:3 1 runed translucent door, Crazy Yiuf


Innate Abilities, Weirdness & Mutations

You are immune to sickness and miasma.
You are immune to poison.
Your flesh is very heat resistant. (rF++)
You are vulnerable to cold. (rC-)
You float through the air rather than walking.
You learn spells naturally, not from books.
Your magical power is your life essence.
You have superior vitality. (+4 MHP)


Message History

* * * LOW HITPOINT WARNING * * *
The wall freezes something.
Something barely misses you.
The wall freezes something.
Something hits you but does no damage.
Casting: Ozocubu's Armour (safe; 1% risk of failure)
Confirm with . or Enter, or press ? or * to list all spells.
You can't see any susceptible monsters within range! (Use Z to cast anyway.)
Casting: Ozocubu's Armour (safe; 1% risk of failure)
Confirm with . or Enter, or press ? or * to list all spells.
Flames lash something.
* * * LOW HITPOINT WARNING * * *
The wall freezes something but does no damage.
Something hits you but does no damage.
The wall freezes something.
Something hits you. Elyvilon protects you from harm!
The wall freezes something.
Something hits you but does no damage.
Casting: Scorch (safe; 1% risk of failure)
Confirm with . or Enter, or press ? or * to list all spells.
You can't see any susceptible monsters within range! (Use Z to cast anyway.)
Casting: Scorch (safe; 1% risk of failure)
Confirm with . or Enter, or press ? or * to list all spells.
Flames lash something.
Reactivating autopickup.
You feel a bit more experienced.
* * * LOW HITPOINT WARNING * * *
Your Stealth skill increases to level 3!
You start resting.
The frozen ramparts melt away.
You start resting.
A centaur warrior comes into view.
Your icy armour will break if you move.
Continue?
Your icy armour cracks and falls away as you move.
The centaur warrior shouts!
You hear a shout!
The centaur warrior reads a scroll.
Wisps of shadow swirl around the centaur warrior.
A howler monkey comes into view.
The centaur warrior wields a +0 shortbow.
The centaur warrior shoots an arrow.
The arrow misses you.
You hear a howl!
The centaur warrior shoots an arrow.
The arrow hits you!!
You die...

...########c.......
..
.................
.. ...###..........
#. #.#c##########
#. #.## #.## #.#
#..#####c#
##.#.....#
##...@#####
...#####.<†..##
#............#
#######.....##
##...## ##.## #.#
#.# .#


You could see a centaur warrior.

Vanquished Creatures
  Pikel (D:6)
  Joseph (D:7)
  An unseen horror (D:8)
  Prince Ribbit (D:6)
  Sigmund (D:3)
  Menkaure (D:6)
  A black bear (D:5)
  A necrophage (D:4)
  4 ogres
  2 centaurs
  3 lemures (D:6)
  A phantom (D:7)
  2 bullfrogs
  2 wyvern zombies
  A water moccasin zombie (D:6)
  A scorpion (D:5)
  A wyvern skeleton (D:7)
  An electric eel (D:6)
  3 howler monkeys (D:8)
  A centaur zombie (D:7)
  4 bullfrog zombies (D:6)
  3 jellies
  An orc priest (D:7)
  5 hounds
  2 centaur skeletons (D:6)
  3 iguanas
  2 gnoll shamans
  4 orc wizards
  Ijyb (D:4)
  A killer bee zombie (D:6)
  A hound skeleton (D:5)
  Robin (D:2)
  12 gnolls
  A howler monkey skeleton (D:6)
  7 adders
  An ufetubus (D:5)
  2 dart slugs
  18 orcs
  5 ball pythons
  5 bats
  6 endoplasms
  2 giant cockroaches
  13 hobgoblins
  3 quokkas
  2 frilled lizards (D:1)
  16 goblins
  6 kobolds
  A rat (D:2)
158 creatures vanquished.

Vanquished Creatures (others)
  19 fulminant prisms
  4 withered plants (D:6)
23 creatures vanquished.

Grand Total: 181 creatures vanquished

Notes
Turn   | Place    | Note
-------+----------+-------------------------------------------
     0 | D:1      | 101zpm the Djinni Ice Elementalist began the quest for the
                  | Orb.
     0 | D:1      | Reached XP level 1. HP: 15/15 MP: 0/0
   331 | D:1      | Found a faded altar of an unknown god.
   569 | D:1      | Reached XP level 2. HP: 20/21 MP: 0/0
  1133 | D:2      | Noticed Robin
  1203 | D:2      | Reached XP level 3. HP: 15/25 MP: 0/0
  1203 | D:2      | Learned a level 1 spell: Apportation
  1209 | D:2      | Killed Robin
  1581 | D:2      | Reached skill level 4 in Spellcasting
  1584 | D:2      | Reached XP level 4. HP: 22/31 MP: 0/0
  1859 | D:2      | Reached skill level 1 in Short Blades
  1867 | D:2      | Reached XP level 5. HP: 33/36 MP: 0/0
  1867 | D:2      | Learned a level 2 spell: Scorch
  3214 | D:3      | Noticed Sigmund
  3225 | D:3      | Killed Sigmund
  3226 | D:3      | Reached skill level 1 in Fighting
  3226 | D:3      | Reached skill level 5 in Spellcasting
  3226 | D:3      | Reached XP level 6. HP: 24/42 MP: 0/0
  3619 | D:3      | Reached XP level 7. HP: 40/47 MP: 0/0
  3619 | D:3      | Learned a level 2 spell: Blink
  4057 | D:3      | Found a runed translucent door.
  4058 | D:3      | Noticed Crazy Yiuf
  4195 | D:4      | Noticed Ijyb
  4198 | D:4      | Killed Ijyb
  4605 | D:4      | Reached skill level 6 in Spellcasting
  4780 | D:4      | Found a basalt altar of Yredelemnul.
  5071 | D:5      | Entered Level 5 of the Dungeon
  5095 | D:5      | Reached XP level 8. HP: 32/52 MP: 0/0
  5356 | D:5      | Reached skill level 7 in Spellcasting
  7160 | D:6      | Found a staircase to the Ecumenical Temple.
  7164 | D:6      | Noticed Pikel
  7175 | D:6      | Reached skill level 8 in Spellcasting
  7175 | D:6      | Reached XP level 9. HP: 33/57 MP: 0/0
  7175 | D:6      | Learned a level 4 spell: Fulminant Prism
  7177 | D:6      | Killed Pikel
  7219 | D:6      | Noticed Menkaure
  7753 | D:6      | Reached skill level 9 in Spellcasting
  7780 | D:6      | Killed Menkaure
  8093 | D:6      | Found Waumar's General Store.
  8124 | D:6      | Noticed Prince Ribbit
  8130 | D:6      | Killed Prince Ribbit
  8193 | D:6      | Found Yrhiaroiwe's Distillery.
  8195 | D:6      | Found Viopares's Weapon Boutique.
  8494 | D:6      | Found Latsiloda's General Store.
  8696 | Temple   | Entered the Ecumenical Temple
  9239 | Temple   | Became a worshipper of Elyvilon the Healer
  9404 | D:7      | Noticed Joseph
 10017 | D:7      | Elyvilon protects you from harm!
 10173 | D:7      | Killed Joseph
 10174 | D:7      | Reached skill level 10 in Spellcasting
 10174 | D:7      | Reached XP level 10. HP: 2/64 MP: 0/0
 11493 | D:7      | Reached * piety under Elyvilon
 12073 | D:8      | HP: 1/64 [something (9)]
 12075 | D:8      | Elyvilon protects you from harm!
 12076 | D:8      | Killed an unseen horror
 12095 | D:8      | Noticed a centaur warrior
 12109 | D:8      | Shot with an arrow by a centaur warrior

Illustrated notes

Levels and vault maps discovered:
D:1:      scummos_arrival_hexagon, layout_basic,
          nicolae_ecumenical_snake_handling, chequers_serial_rivers_small_3
D:2:      layout_loops_cross, uniq_robin
D:3:      layout_rooms, uniq_sigmund, uniq_crazy_yiuf_cottage
D:4:      layout_rooms, mainiacjoe_overflow_concentric_impassable,
          minmay_tree_intersection, uniq_ijyb
D:5:      layout_loops_cross
D:6:      layout_rooms, minmay_temple_entry_tees, serial_shops, shop, shop,
          shop, nicolae_shop_waterfront, serial_undead, serial_undead_f,
          serial_undead_f, serial_undead_a, serial_undead_b,
          uniq_prince_ribbit1, uniq_menkaure, uniq_pikel
D:7:      layout_loops_ring, grunt_ministairs_10, uniq_joseph
D:8:      minmay_distorted_concentric_squares, layout_loops_ring,
          serial_bayou_pond_b, hangedman_abyss_or_decor_passed,
          kennysheep_generic_room_8
Temple:   mainiacjoe_temple_starburst

Skill      XL: |  1  2  3  4  5  6  7  8  9 10 |
---------------+-------------------------------+-----
Spellcasting   | 4 5 6 8 10 | 10.8
Short Blades   | 1 2 |  2.0
Fighting       | 1 |  1.8
Stealth        | 2 3 |  3.0
Dodging        | 3 4 |  4.0

Action                   |  1- 3 |  4- 6 |  7- 9 | 10-12 || total
-------------------------+-------+-------+-------+-------++-------
Melee: Unarmed           |     2 |       |       |       ||     2
       Short sword       |    15 |    18 |       |       ||    33
 Cast: Freeze            |    24 |     6 |    22 |       ||    52
       Frozen Ramparts   |       |    13 |    40 |     9 ||    62
       Scorch            |       |    23 |   112 |    23 ||   158
       Ozocubu's Armour  |       |     3 |    13 |     5 ||    21
       Fulminant Prism   |       |       |    18 |     4 ||    22
  Use: Scroll            |       |       |     1 |       ||     1
       Potion            |       |       |       |     2 ||     2
 Stab: Sleeping          |     1 |       |       |       ||     1
Armor: Robe              |     9 |     8 |    14 |     9 ||    40
Dodge: Dodged            |    20 |    18 |    32 |     9 ||    79
